 Dungeon Crawl Stone Soup version 0.30.0 (webtiles) character file.

Game seed: 12631635555888708726

2354 monsoonserge the Covert (level 9, -2/42 HPs)
             Began as a Spriggan Enchanter on May 6, 2023.
             Slain by an orc warrior
             ... wielding a +0 trident
              (18 damage)
             ... on level 7 of the Dungeon.
             The game lasted 00:37:03 (8889 turns).

monsoonserge the Covert (Spriggan Enchanter)        Turns: 8889, Time: 00:37:08

Health: -2/42      AC:  2    Str:  4    XL:     9   Next: 20%
Magic:  10/14      EV: 18    Int: 22    God:
Gold:   411        SH:  5    Dex: 16    Spells: 9/14 levels left

rFire   . . .        w - +1 dagger (flame)
rCold   + + .        N - +1 buckler "Voplamol" {rC+ Will- Int+2}
rNeg    . . .        b - +0 robe
rPois   +            (helmet restricted)
rElec   .            (no cloak)
rCorr   .            (gloves unavailable)
SInv    +            (boots unavailable)
Will    .....        (no amulet)
Stlth   +++++        g - ring of protection from cold
HPRegen 0.27/turn    s - ring of poison resistance
MPRegen 0.14/turn

%: no passive effects
@: studying Evocations, very quick
A: very small, no large weapons, unfitting armour, see invisible, speed 3
a: no special abilities


You were on level 7 of the Dungeon.
You visited 2 branches of the dungeon, and saw 8 of its levels.
You also visited: Sewer.

You collected 411 gold pieces.

Inventory:

Hand Weapons
 w - a +1 dagger of flaming (weapon)
 O - the +2 mace of Evigroe {heavy, rPois rF+ SInv Stlth+}
   (You found it on level 6 of the Dungeon)

   rF:        It protects you from fire.
   rPois:     It protects you from poison.
   SInv:      It lets you see invisible.
   Stlth:     It makes you more stealthy.
 Q - a +0 dagger of venom
Missiles
 h - 15 poisoned darts
 r - 96 stones (quivered)
 y - a curare-tipped dart
 H - 6 boomerangs
 L - 2 throwing nets
Armour
 b - a +0 robe (worn)
 N - the +1 buckler "Voplamol" (worn) {rC+ Will- Int+2}
   (You found it on level 6 of the Dungeon)

   Int:       It affects your intelligence (+2).
   rC:        It protects you from cold.
   Will:      It decreases your willpower.
Magical Staves
 I - a staff of death
Jewellery
 g - a ring of protection from cold (left hand)
 j - a ring of protection from cold
 s - a ring of poison resistance (right hand)
 J - a +6 ring of strength
Scrolls
 e - 3 scrolls of fear {unknown}
 f - a scroll of poison {unknown}
 i - 3 scrolls of amnesia {unknown}
 m - 2 scrolls of brand weapon {unknown}
 n - 6 scrolls of identify {unknown}
 p - a scroll of enchant weapon {unknown}
 q - a scroll of silence {unknown}
 t - 3 scrolls of enchant armour {unknown}
 B - a scroll of fog {unknown}
 C - a scroll of summoning {unknown}
 E - a scroll of teleportation {unknown}
 P - a scroll of blinking {unknown}
Potions
 a - a potion of cancellation {unknown}
 c - a potion of invisibility
 d - 6 potions of brilliance {unknown}
 k - 4 potions of curing {unknown}
 l - 3 potions of lignification {unknown}
 o - 8 potions of heal wounds {unknown}
 u - 2 potions of attraction {unknown}
 v - 6 potions of mutation {unknown}
 x - 2 potions of might {unknown}
 z - a potion of experience {unknown}
 A - a potion of ambrosia {unknown}
 D - a potion of magic {unknown}
 F - a potion of haste {unknown}
 K - a potion of flight {unknown}
 M - a potion of degeneration {unknown}
Miscellaneous
 G - a piece from Xom's chessboard (14/15)


   Skills:
 * Level 1.9 Fighting
 + Level 4.2 Short Blades
 + Level 5.6 Dodging
 + Level 12.4 Stealth
 * Level 1.5 Shields
 - Level 3.0 Spellcasting
 + Level 8.4 Hexes
 - Level 2.0 Ice Magic
 + Level 2.1 Evocations


You had 9 spell levels left.
You knew the following spells:

 Your Spells              Type           Power      Damage    Failure   Level
a - Ensorcelled Hibernat  Hex/Ice        52%        N/A       4%          2
b - Confusing Touch       Hex            40%        N/A       2%          3

Your spell library contained the following spells:

 Spells                   Type           Power      Damage    Failure   Level
 Tukima's Dance           Hex            40%        N/A       2%          3
 Dazzling Flash           Conj/Hex       42%        N/A       13%         3
 Inner Flame              Hex/Fire       21%        N/A       13%         3
 Summon Guardian Golem    Hex/Summ       21%        N/A       13%         3
 Summon Small Mammal      Summ           12%        N/A       24%         1
 Ozocubu's Armour         Ice            12%        N/A       30%         3
 Call Canine Familiar     Summ           3%         N/A       56%         3
 Vhi's Electric Charge    Tloc/Air       6%         N/A       56%         3
 Flame Wave               Conj/Fire      3%         2d5       93%         4
 Sticky Flame             Conj/Fire      3%         2d3       93%         4
 Arcjolt                  Conj/Air       1%         1d11      100%        5
 Ozocubu's Refrigeration  Ice            6%         4d8       100%        7
 Maxwell's Capacitive Co  Air            1%         ∞         100%        8


Dungeon Overview and Level Annotations

Branches:
Dungeon (7/15)             Temple (1/1) D:7           Sewer (visited)

Altars:
Cheibriados
Dithmenos
Elyvilon
Fedhas
Hepliaklqana
Kikubaaqudgha
Okawaru
Qazlal
Sif Muna
Vehumet
Xom
Yredelemnul
Zin
The Shining One


Innate Abilities, Weirdness & Mutations

You are very small and have problems with some larger weapons.
You are too small for most types of armour.
You have supernaturally acute eyesight. (SInv)
You cover ground extremely quickly. (Speed+++)


Message History

HP restored.
A bullfrog comes into view.
You now have 411 gold pieces (gained 13).
There are no items here.
Found 2 bubbling inky potions.
The helpless bullfrog fails to defend itself.
You perforate the bullfrog like a sieve!!!
You burn the bullfrog.
You kill the bullfrog!
Your piece from Xom's chessboard (14/15) has regained one charge.
You see here a bullfrog corpse.
l - 3 bubbling inky potions (gained 2)
There are no items here.
You see here a +0 flail.
Found a scroll labelled WUPAGEVIWK.
An orc and an orc priest come into view.
An orc warrior comes into view. It is wielding a +0 trident.
The orc shouts!
The orc warrior shouts!
Found a book of Displacement.
The orc warrior barely misses you.
The orc warrior hits you with a +0 trident!!
The orc priest shouts!
The orc priest invokes the aid of Beogh against you.
Beogh smites you!
Casting: Confusing Touch (dangerous; 2% risk of failure)
Confirm with . or Enter, or press ? or * to list all spells.
Aiming: Ensorcelled Hibernation (safe; 4% risk of failure)
Press: ? - help, Shift-Dir - straight line, f - orc priest
Aim: an orc priest, wielding a +0 whip (chance to affect: 57%)
The orc priest resists with significant effort.
The orc hits you but does no damage. The orc warrior barely misses you.
The orc priest barely misses you.
Casting: Ensorcelled Hibernation (safe; 4% risk of failure)
Confirm with . or Enter, or press ? or * to list all spells.
Aiming: Ensorcelled Hibernation (safe; 4% risk of failure)
Press: ? - help, Shift-Dir - straight line, f/p - orc priest
Aim: an orc priest, wielding a +0 whip (chance to affect: 57%)
The orc priest resists with significant effort.
The orc misses you.
The orc warrior hits you with a +0 trident!!
You die...

.....##...........#...#.
#.........#.............
##.###.#.##..)#.........
###.#..............
###................
#..................
####.#................
##...o#................
#....o@o#########......
#..##.#..# #...... #.
#...?.# #......
#.:.#..#.# #......
#.##.#### #...... .. ...
#...... # .... #...##.
....... ##.. ....##.
##..... ##..# ...
#..###..


You could see an orc warrior, an orc priest and an orc.

Vanquished Creatures
  Sigmund (D:6)
  A black bear (D:6)
  3 ice beasts
  An ogre (D:4)
  A centaur (D:7)
  2 kobold brigands
  A gnoll sergeant (D:6)
  2 bullfrogs (D:7)
  6 scorpions
  A howler monkey (D:6)
  A hound (D:5)
  2 orc priests (D:4)
  3 jellies
  2 orc wizards (D:4)
  6 iguanas
  A sleepcap (D:5)
  10 gnolls
  17 river rats
  12 adders
  A white imp (D:6)
  4 ufetubi
  4 worms
  12 orcs
  6 bats
  3 endoplasms
  3 giant cockroaches
  8 goblins
  8 hobgoblins
  13 quokkas
  6 ball pythons
  5 frilled lizards
  23 kobolds
  40 rats
209 creatures vanquished.

Notes
Turn   | Place    | Note
-------+----------+-------------------------------------------
     0 | D:1      | monsoonserge the Spriggan Enchanter began the quest for the
                  | Orb.
     0 | D:1      | Reached XP level 1. HP: 9/9 MP: 5/5
   174 | D:1      | Reached XP level 2. HP: 12/13 MP: 6/6
   179 | D:1      | Learned a level 2 spell: Ensorcelled Hibernation
  1348 | D:2      | Reached skill level 5 in Stealth
  1348 | D:2      | Reached XP level 3. HP: 16/16 MP: 5/8
  1663 | D:2      | You fall into a shaft and drop 2 floors!
  1691 | D:4      | Found a glowing drain.
  1713 | Sewer    | Entered a sewer
  1778 | Sewer    | Reached skill level 1 in Ice Magic
  1789 | Sewer    | Learned a level 3 spell: Confusing Touch
  2029 | Sewer    | Reached XP level 4. HP: 4/21 MP: 1/9
  2034 | Sewer    | Reached skill level 6 in Stealth
  2639 | Sewer    | Reached XP level 5. HP: 25/25 MP: 10/10
  2677 | Sewer    | Reached skill level 5 in Hexes
  3028 | D:5      | Entered Level 5 of the Dungeon
  3328 | D:2      | Reached XP level 6. HP: 29/29 MP: 8/11
  3826 | D:3      | Found a glowing golden altar of the Shining One.
  3984 | D:3      | Reached skill level 7 in Stealth
  4180 | D:3      | Found a glowing silver altar of Zin.
  5120 | D:4      | Reached skill level 8 in Stealth
  5120 | D:4      | Reached XP level 7. HP: 32/32 MP: 5/12
  5232 | D:4      | Found a shimmering altar of Xom.
  5419 | D:4      | Reached skill level 1 in Evocations
  5657 | D:5      | Reached skill level 1 in Fighting
  5657 | D:5      | Reached skill level 9 in Stealth
  5662 | D:5      | Found an ancient bone altar of Kikubaaqudgha.
  5935 | D:5      | Found a snail-covered altar of Cheibriados.
  5983 | D:5      | Found a basalt altar of Yredelemnul.
  6189 | D:5      | Found an iron altar of Okawaru.
  6409 | D:5      | Identified the +2 leather armour of Lies {rPois rCorr}
  6659 | D:6      | Reached skill level 10 in Stealth
  6659 | D:6      | Reached XP level 8. HP: 37/37 MP: 10/13
  6766 | D:6      | Noticed Sigmund
  6775 | D:6      | Killed Sigmund
  6776 | D:6      | Reached skill level 11 in Stealth
  7009 | D:6      | Identified the +1 buckler "Voplamol" {rC+ Will- Int+2}
  7253 | D:6      | Identified the +2 mace of Evigroe {heavy, rPois rF+ SInv
                  | Stlth+}
  7646 | D:6      | Reached skill level 12 in Stealth
  7877 | D:6      | Reached skill level 5 in Dodging
  7877 | D:6      | Reached skill level 1 in Shields
  8308 | D:7      | Reached XP level 9. HP: 42/42 MP: 11/14
  8578 | D:7      | Found a staircase to the Ecumenical Temple.
  8607 | Temple   | Entered the Ecumenical Temple
  8889 | D:7      | Slain by an orc warrior

Illustrated notes

Levels and vault maps discovered:
D:1:      lemuel_arrival_lava_pool, layout_basic, minmay_liquid_box,
          amcnicky_mini_rare_corridor_liquid
D:2:      layout_loops_cross, chequers_arboretum
D:3:      layout_basic, nicolae_tso_swordbearing_angel, zin_treasury
D:4:      layout_basic, xom_butterflies, cheibrodos_sewer_entry_sluice
D:5:      layout_loops_ring, marbit_many_paths,
          mainiacjoe_overflow_cross_hatched, general_overflow_altar,
          lemuel_coloured_pillars_altar, serial_glass, glass_columns_c,
          glass_columns_a, glass_columns_a
D:6:      lemuel_ratsnest, layout_basic, minmay_manual_mess, uniq_sigmund
D:7:      layout_cave_pools, mainiacjoe_overflow_alcove_4,
          minmay_temple_entry_junction_2, uniq_pikel
Temple:   hellmonk_temple_beads

Skill      XL: |  1  2  3  4  5  6  7  8  9 |
---------------+----------------------------+-----
Hexes          | 4 5 6 8 |  8.4
Dodging        | 3 5 |  5.6
Stealth        | 5 6 8 10 12 | 12.4
Spellcasting   | 3 |  3.0
Ice Magic      | 1 2 |  2.0
Short Blades   | 2 3 4 |  4.2
Evocations     | 2 |  2.1
Fighting       | 1 |  1.9
Shields        | 1 |  1.5

Action                     |  1- 3 |  4- 6 |  7- 9 || total
---------------------------+-------+-------+-------++-------
  Melee: Dagger            |    96 |   112 |   294 ||   502
         Punch             |     1 |     2 |     1 ||     4
  Throw: Stone             |     3 |     3 |       ||     6
         Dart              |     1 |       |       ||     1
   Cast: Ensorcelled Hiber |    29 |    60 |    68 ||   157
         Confusing Touch   |       |       |    10 ||    10
  Evoke: Piece from Xom's  |       |       |     5 ||     5
    Use: Potion            |     1 |       |       ||     1
   Stab: Sleeping          |    21 |    54 |    52 ||   127
         Invisible         |     1 |     3 |       ||     4
         Confused          |       |       |    10 ||    10
         Distracted        |       |       |     1 ||     1
 Armour: Robe              |     8 |     6 |    11 ||    25
  Dodge: Dodged            |   106 |    87 |   197 ||   390
  Block: Buckler           |       |       |    44 ||    44
